 Dungeon Crawl Stone Soup version 0.19.1 (webtiles) character file.

1201 Jerry the Slasher (level 8, 56/56 HPs)
             Began as a Demonspawn Gladiator on Dec 27, 2016.
             Quit the game on level 6 of the Dungeon.
             The game lasted 00:13:18 (6574 turns).

Jerry the Slasher (Demonspawn Gladiator)            Turns: 6574, Time: 00:13:19

Health: 56/56      AC:  8    Str: 16    XL:     8   Next: 21%
Magic:  8/8        EV: 14    Int:  9    God:
Gold:   258        SH:  0    Dex: 16    Spells: 0 memorised, 7 levels left

rFire  + . .     SeeInvis .     a - +1 long sword
rCold  . . .     Gourm    .     y - +2 ring mail {rN+}
rNeg   + . .     Faith    .     (no shield)
rPois  .         Spirit   +     (helmet restricted)
rElec  .         Reflect  .     (no cloak)
rCorr  .         Harm     .     (no gloves)
MR     .....                    (boots unavailable)
Stlth  ..........               s - amulet of guardian spirit
                                (no ring)
                                n - ring of protection from fire

@: no status effects
A: hooves 3, horns 1, demonic guardian 1, spiny 1
a: no special abilities


You were on level 6 of the Dungeon.
You were near starving.

You visited 1 branch of the dungeon, and saw 6 of its levels.

You collected 258 gold pieces.

Inventory:

Hand Weapons
 a - a +1 long sword (weapon)
Missiles
 d - 3 throwing nets (quivered)
Armour
 b - a +0 leather armour
 g - a +0 chain mail
 y - a +2 ring mail of positive energy (worn)
Jewellery
 n - a ring of protection from fire (left hand)
 s - an amulet of guardian spirit (around neck)
Wands
 x - a wand of random effects (45/48)
Scrolls
 h - 4 scrolls of remove curse
 w - a scroll of magic mapping
Potions
 c - a potion of heal wounds {unknown}
 i - a potion of cancellation
 j - 2 potions of might
 k - 4 potions of lignification
 o - 2 potions of curing
 p - 2 potions of brilliance {unknown}
 A - a potion of flight {unknown}
Books
 r - a book of Misfortune

   Spells                             Type                      Level
   a - Confusing Touch                Hexes                        1
   b - Confuse                        Hexes                        3
   c - Gell's Gravitas                Hexes/Translocation          3
   d - Petrify                        Transmutation/Earth          4
   e - Metabolic Englaciation         Hexes/Ice                    5
   f - Yara's Violent Unravelling     Hexes/Transmutation          5
Comestibles
 f - 3 bread rations
 m - 3 meat rations
 q - a beef jerky
 u - a slice of pizza


   Skills:
 - Level 2.0 Fighting
 + Level 5.8 Long Blades
 - Level 1.7 Throwing
 + Level 4.9 Armour
 + Level 5.8 Dodging


You had 7 spell levels left.
You didn't know any spells.

Dungeon Overview and Level Annotations

Branches:
Dungeon (6/15)             Temple (0/1) D:6

Altars:

Shops:
D:6 !

Annotations:
D:2 Sigmund


Innate Abilities, Weirdness & Mutations

You have hooves in place of feet.
You have a pair of small horns on your head.
A weak demonic guardian rushes to your aid.
You are partially covered in sharp spines.


Message History

HP restored.
As you open the door, it creaks loudly!
There is an open door here.
There is an open door here.
Found a stone staircase leading down.
You are near starving!
Found a club.
A ball python comes into view.
A ball python is nearby!
A ball python is nearby!
A ball python is nearby!
The ball python hisses angrily.
The ball python barely misses you.
The ball python is struck by your spines.
You kill the ball python!
No target in view!
No target in view!
No target in view!
No target in view!
Are you sure you want to abandon this character and quit the game? (Confirm with "yes".)

### #..
###### ##.#
.# #..... ..#
.# #####.####
#†###.#
#.......#
#@..#)#
#.###.#.##
#.#.#.# #.#
#.#.#.
#.#.#.# #.#
#.#.#.
.#####.#.#.#
#.# #.....
#...........#
#.# #.....
#########.###
#.###.#.##
#.....#
#.......#
#.#.#.#
#####.####
##.#>#.#
#.##..


There were no monsters in sight!

Vanquished Creatures
  Edmund (D:5)
  Menkaure (D:4)
  The ghost of Kloppie the Slasher, an amateur DrBe of Trog (D:3)
  An ogre (D:6)
  A bullfrog (D:6)
  A crimson imp (D:5)
  3 hounds
  A bullfrog zombie (D:6)
  2 orc wizards (D:3)
  2 orc priests
  A bullfrog skeleton (D:5)
  2 iguanas
  A worker ant (D:5)
  A hound skeleton (D:5)
  A worker ant zombie (D:6)
  Robin (D:4)
  7 adders
  A gnoll (D:1)
  7 worms
  3 dart slugs (D:2)
  2 leopard geckos
  26 orcs
  10 giant cockroaches
  10 hobgoblins
  2 jackals
  3 quokkas
  A ball python (D:6)
  9 bats
  9 frilled lizards
  A giant cockroach zombie (D:5)
  22 goblins
  A jackal zombie (D:5)
  5 kobolds
  A quokka skeleton (D:5)
  8 rats
149 creatures vanquished.

Vanquished Creatures (collateral kills)
  A centaur (D:6)
  An orc wizard (D:2)
  A hound zombie (D:6)
3 creatures vanquished.

Grand Total: 152 creatures vanquished

Notes
Turn   | Place    | Note
-------+----------+-------------------------------------------
     0 | D:1      | Jerry the Demonspawn Gladiator began the quest for the Orb.
     0 | D:1      | Reached XP level 1. HP: 16/16 MP: 1/1
   345 | D:1      | Gained mutation: You have a pair of small horns on your head. [demonic ancestry]
   345 | D:1      | Reached XP level 2. HP: 22/22 MP: 2/2
   637 | D:1      | Reached skill level 1 in Armour
   648 | D:1      | Gained mutation: You have large cloven feet. [demonic ancestry]
   648 | D:1      | Reached XP level 3. HP: 21/27 MP: 3/3
  1311 | D:2      | Reached XP level 4. HP: 15/33 MP: 4/4
  1991 | D:2      | Noticed Sigmund
  2415 | D:3      | Noticed Kloppie's ghost (amateur DrBe)
  2944 | D:2      | Gained mutation: A weak demonic guardian rushes to your aid. [demonic ancestry]
  2944 | D:2      | Reached XP level 5. HP: 29/38 MP: 5/5
  3416 | D:3      | Killed Kloppie's ghost
  3416 | D:3      | Gained mutation: You are partially covered in sharp spines. [demonic ancestry]
  3416 | D:3      | Reached XP level 6. HP: 29/44 MP: 6/6
  4210 | D:4      | Noticed Robin
  4226 | D:4      | Killed Robin
  4484 | D:4      | Noticed Menkaure
  4490 | D:4      | Killed Menkaure
  4490 | D:4      | Gained mutation: You have hoof-like feet. [demonic ancestry]
  4490 | D:4      | Reached XP level 7. HP: 50/50 MP: 7/7
  4890 | D:5      | Entered Level 5 of the Dungeon
  5102 | D:5      | Reached skill level 5 in Long Blades
  5119 | D:5      | Noticed Edmund
  5147 | D:5      | Killed Edmund
  5147 | D:5      | Reached skill level 5 in Dodging
  5966 | D:6      | Gained mutation: You have hooves in place of feet. [demonic ancestry]
  5966 | D:6      | Reached XP level 8. HP: 53/56 MP: 8/8
  6076 | D:6      | Found a staircase to the Ecumenical Temple.
  6231 | D:6      | Found Oxuet's Distillery.
  6574 | D:6      | Quit the game

Skill      XL: |  1  2  3  4  5  6  7 |
---------------+----------------------+-----
Dodging        | 3 4 5 |  5.8
Long Blades    | 3 4 5 |  5.8
Armour         | 1 2 3 4 |  4.9
Fighting       | |  2.0
Throwing       | |  1.7

Action                   |  1- 3 |  4- 6 |  7- 9 || total
-------------------------+-------+-------+-------++-------
Melee: Long sword        |    99 |   218 |    99 ||   416
       Headbutt          |    12 |    53 |    32 ||    97
       Kick              |    15 |    81 |    43 ||   139
  Use: Scroll            |       |     7 |     6 ||    13
 Stab: Distracted        |       |     2 |       ||     2
  Eat: Chunk             |     1 |    11 |     5 ||    17
Armor: Leather armour    |    33 |    17 |       ||    50
       Chain mail        |       |    70 |       ||    70
       Ring mail         |       |     1 |    17 ||    18
Dodge: Dodged            |    80 |    95 |    63 ||   238
       Rpst.: Long sword |    25 |    37 |    24 ||    86
